 Dungeon Crawl Stone Soup version 0.23-a0-619-g281719c6f9 (webtiles) character file.

45116 Enroth the Ripper (level 13, -13/82 HPs)
             Began as a Felid Berserker on Dec 12, 2018.
             Was a High Priest of Trog.
             Mangled by a large abomination (31 damage)
             ... on level 3 of the Abyss on Dec 23, 2018.
             The game lasted 03:09:12 (22331 turns).

Enroth the Ripper (Felid Berserker)                Turns: 22331, Time: 03:09:14

Health: -13/82     AC:  3    Str: 18    XL:     13   Next: 99%
Magic:  0/18       EV: 37    Int:  8    God:    Trog [*****.]
Gold:   213        SH:  0    Dex: 28    Spells: 12/12 levels left
                                        Lives:  0   Deaths: 4

rFire    . . .     SeeInvis +     - Unarmed
rCold    + . .     Gourm    .   (shield unavailable)
rNeg     . . .     Faith    .   (armour unavailable)
rPois    .         Spirit   +   (helmet unavailable)
rElec    .         Reflect  .   (cloak unavailable)
rCorr    .         Harm     .   (gloves unavailable)
MR       +....     Clarity  +   (boots unavailable)
Stlth    ..........             H - amulet of guardian spirit
HPRegen  0.00/turn              K - +4 ring of dexterity
MPRegen  0.16/turn              x - +3 ring of dexterity

@: berserking, non-regenerating, diseased, very quick
A: very small, no armour, no weapons or thrown items, stealth, claws 1, fangs 3,
see invisible, carnivore, clarity, speed 1, mutation resistance 1, [screaming
2], shaggy fur 3, slow metabolism 1, sharp paws
a: Berserk, Trog's Hand, Brothers in Arms, Renounce Religion


You were on level 3 of the Abyss.
You worshipped Trog.
Trog was extremely pleased with you.
You were not hungry.

You visited 6 branches of the dungeon, and saw 23 of its levels.
You visited the Abyss 1 time.

You collected 2189 gold pieces.
You spent 1976 gold pieces at shops.

Inventory:

Jewellery
 i - an uncursed ring of poison resistance
 m - an uncursed ring of protection from fire
 x - a +3 ring of dexterity (right paw)
 A - a +4 amulet of reflection
 H - an amulet of guardian spirit (around neck)
 K - a +4 ring of dexterity (left paw)
Wands
 f - a wand of flame (43)
 g - a wand of digging (1)
 o - a wand of clouds (8)
 r - a wand of random effects (24)
 t - a wand of paralysis (40)
 C - a wand of disintegration (8)
 F - a wand of iceblast (8)
Scrolls
 b - 2 scrolls of blinking
 c - 10 scrolls of remove curse
 d - a scroll of summoning
 e - 3 scrolls of identify
 j - 6 scrolls of teleportation
 k - 4 scrolls of fog
 n - a scroll of silence
 p - 4 scrolls of magic mapping
 v - a scroll of fear
 y - a scroll of immolation
 z - a scroll of torment {unknown}
 I - a scroll of holy word {unknown}
Potions
 h - 9 potions of curing
 l - 5 potions of berserk rage
 s - 2 potions of brilliance
 B - a potion of cancellation
 D - 2 potions of heal wounds
 E - a potion of haste
 G - a potion of flight
Miscellaneous
 q - a fan of gales
 u - a lightning rod (4/4)
 w - a phantom mirror
Comestibles
 a - 43 rations


   Skills:
 + Level 5.5 Fighting
 * Level 17.7 Dodging
 + Level 15.7 Stealth
 + Level 18.5 Unarmed Combat
 + Level 5.6 Evocations


You had 12 spell levels left.
You didn't know any spells.
Your spell library contained the following spells:

 Spells                   Type           Power        Failure   Level  Hunger
 Infusion                 Chrm           #...         41%         1    ##.....
 Magic Dart               Conj           #...         41%         1    ##.....
 Sandblast                Erth           #.....       41%         1    ##.....
 Sting                    Conj/Pois      #...         41%         1    ##.....
 Poisonous Vapours        Pois/Air       #.....       54%         2    ###....
 Shroud of Golubria       Chrm/Tloc      #.........   54%         2    ###....
 Song of Slaying          Chrm           #.......     54%         2    ###....
 Sublimation of Blood     Necr           #.........   54%         2    ###....
 Throw Frost              Conj/Ice       #.....       54%         2    ###....
 Conjure Flame            Conj/Fire      #.......     78%         3    ####...
 Ignite Poison            Fire/Tmut/Pois #.......     78%         3    ####...
 Mephitic Cloud           Conj/Pois/Air  #.......     78%         3    ####...
 Regeneration             Chrm/Necr      #.........   78%         3    ####...
 Olgreb's Toxic Radiance  Pois           #.......     99%         4    #####..
 Agony                    Necr           #.......     100%        5    ######.
 Fireball                 Conj/Fire      #.........   100%        5    ######.
 Iskenderun's Battlesphe  Conj/Chrm      #.......     100%        5    ######.
 Venom Bolt               Conj/Pois      #.........   100%        5    ######.
 Bolt of Cold             Conj/Ice       #.........   100%        6    #######
 Bolt of Fire             Conj/Fire      #.........   100%        6    #######
 Simulacrum               Ice/Necr       #.........   100%        6    #######
 Ring of Flames           Chrm/Fire      #.........   100%        7    #######
 Ignition                 Fire           #.........   100%        8    #######
 Spectral Weapon          Hex/Chrm       Unusable     N/A         3    N/A

Dungeon Overview and Level Annotations

Branches:
Dungeon (11/15)            Temple (1/1) D:7            Lair (6/6) D:11
 Shoals (0/4) Lair:2       Spider (1/4) Lair:2        Slime (0/5) Lair:5
    Orc (2/2) D:10            Elf (2/3) Orc:2

Altars:
Ashenzari
Cheibriados
Dithmenos
Elyvilon
Fedhas
Gozag
Kikubaaqudgha
Makhleb
Nemelex Xobeh
Okawaru
Qazlal
Ru
Sif Muna
Trog
Uskayaw
Vehumet
Wu Jian
Xom
Zin
The Shining One
Beogh
Jiyva

Shops:
Orc:1 *   Orc:2 }!}[[   Elf:1 !   Elf:2 **!!?

Portals:
Desolation: Elf:2

Annotations:
Lair:1 exclusion: 5 oklob plants
Elf:2 exclusion: orange crystal statue, Louise


Innate Abilities, Weirdness & Mutations

You cannot wear armour.
You are incapable of wielding weapons or throwing items.
Your paws allow you to move quietly. (Stealth)
You have sharp claws.
You have razor-sharp teeth.
You have supernaturally acute eyesight. (SInv)
You are carnivorous and can eat meat at any time.
You cover ground quickly.
Your thick and shaggy fur keeps you warm. (AC +3, rC+)
You have a slow metabolism.
Your sharp claws are effective at attacking unaware monsters.
You possess an exceptional clarity of mind.
You are somewhat resistant to further mutation.
[You sometimes yell uncontrollably at your foes.]


Message History

You mangle the wretched star!! You claw the wretched star.
The wretched star is heavily damaged.
You mangle the wretched star!!
The wretched star is almost destroyed.
The large abomination completely misses you.
Tentacles burst from the starspawn's body! 2 starspawn tentacles come into view.
You barely miss the wretched star. You bite the wretched star!
You destroy the wretched star!
Trog accepts your kill.
You claw the tentacled starspawn!
The tentacled starspawn is lightly damaged.
The large abomination completely misses you.
You mangle the tentacled starspawn!!
The tentacled starspawn is moderately damaged.
The tentacled starspawn bites you! The tentacled starspawn engulfs you!!
* * * LOW HITPOINT WARNING * * *
The starspawn tentacle closely misses you.
The large abomination hits you!!!
You die...

. .#.
#....#.###.
### . #. ....
.. ....
##...##...##.
# #
##.#####..#
.# ##
####..#.#
#X.#...##..#
#.─..#.#...
#..###Xw.# .
###
#.....@### .
..#..##.X..##
# # ..#.##
.##.#.# #. #
..# # #.# #.#
.#


You could see a tentacled starspawn, a large abomination and a starspawn
tentacle.

Vanquished Creatures
  2 entropy weavers (Lair:6)
  A deep elf death mage (Elf:1)
  2 ogre magi (Orc:2)
  Fannar (Lair:2)
  Harold (D:11)
  4 hydras
  2 dancing weapons (Elf:2)
  A two-headed ogre (D:8)
  A queen ant (Lair:6)
  Urug (Lair:6)
  9 deep elf knights
  A wretched star (Abyss:3)
  An unseen horror (D:10)
  A deep elf archer (Elf:2)
  An ironbrand convoker (Elf:2)
  2 necromancers (Elf:1)
  9 deep elf magi
  4 elephants
  4 orc sorcerers
  A manticore (Lair:2)
  3 black mambas
  Maurice (D:8)
  22 spiny frogs
  4 komodo dragons
  2 rime drakes (Lair:6)
  An ancient zyme (Abyss:3)
  A merfolk (D:11)
  2 polar bears
  A queen bee (D:9)
  A troll (D:10)
  5 tyrant leeches (Lair:6)
  A hornet (D:8)
  19 blink frogs
  A saltling (Elf:2)
  12 hippogriffs
  Sigmund (D:5)
  A water elemental (Elf:1)
  Eustachio (D:5)
  4 wyverns
  2 fire elementals
  24 yaks
  3 basilisks
  6 vampire mosquitoes (Lair:6)
  3 steam dragons (D:11)
  3 wargs
  An acid dragon (D:11)
  3 large abominations (Elf:1)
  5 soldier ants (Lair:6)
  8 water moccasins
  9 porcupines
  2 black bears
  12 orc warriors
  2 ice beasts
  5 sky beasts
  4 phantoms
  10 ogres
  22 wolves
  5 centaurs
  10 crocodiles
  An elf zombie (Elf:1)
  A gnoll sergeant (D:9)
  4 big kobolds
  29 bullfrogs
  A wyvern zombie (D:8)
  An earth elemental (Elf:1)
  3 scorpions
  2 wyvern skeletons
  29 killer bees
  3 howler monkeys
  2 electric eels (Lair:2)
  A centaur zombie (D:11)
  4 bullfrog zombies
  5 crimson imps
  2 jellies
  A quasit (D:5)
  9 orc priests
  8 hounds
  2 centaur skeletons
  25 orc wizards
  Jessica (D:3)
  An iguana (D:6)
  Natasha (thrice) (D:2)
  12 worker ants
  A hound zombie (D:11)
  2 worker ant zombies
  Robin (D:2)
  7 gnolls
  14 adders
  A shadow imp (D:7)
  2 oozes
  4 adder skeletons
  4 worms
  A dart slug (D:2)
  6 leopard geckos
  52 orcs
  12 bats
  2 giant cockroaches
  16 goblins
  9 hobgoblins
  6 jackals
  23 kobolds
  A quokka (D:4)
  4 ball pythons
  5 frilled lizards
  2 jackal skeletons
  A leopard gecko skeleton (D:9)
  A quokka zombie (D:7)
  6 rats
604 creatures vanquished.

Vanquished Creatures (collateral kills)
  A deep elf annihilator (Elf:1)
  2 deep elf death magi
  6 dancing weapons
  An ogre mage (Orc:2)
  7 deep elf knights
  5 deep elf archers
  2 orc knights (Orc:1)
  A necromancer (Elf:1)
  7 orc sorcerers (Orc:2)
  27 deep elf magi
  A cyclops (Orc:1)
  2 spiny frogs (Lair:6)
  A jumping spider (Lair:2)
  2 blink frogs (Lair:6)
  4 yaks (D:10)
  A water elemental (Elf:1)
  A warg (Orc:1)
  12 orc warriors
  5 ogres
  A wolf (Lair:1)
  A crocodile (Lair:6)
  An elf zombie (Elf:1)
  3 bullfrogs
  3 killer bees (D:10)
  6 orc priests
  9 orc wizards
  34 orcs
146 creatures vanquished.

Vanquished Creatures (others)
  An orc wizard (Orc:2)
  4 fungi (Lair:6)
  29 plants
34 creatures vanquished.

Grand Total: 784 creatures vanquished

Notes
Turn   | Place    | Note
-------+----------+-------------------------------------------
     0 | D:1      | Enroth the Felid Berserker began the quest for the Orb.
     0 | D:1      | Reached XP level 1. HP: 10/10 MP: 2/2
   201 | D:1      | Reached XP level 2. HP: 14/14 MP: 3/3
   637 | D:2      | Reached XP level 3. HP: 7/17 MP: 4/4
   737 | D:2      | Reached ** piety under Trog
   741 | D:2      | Noticed Robin
   773 | D:2      | Reached skill level 5 in Dodging
   785 | D:2      | Killed Robin
   860 | D:2      | Reached XP level 4. HP: 19/21 MP: 5/5
  1128 | D:2      | Noticed Natasha
  1133 | D:2      | Killed Natasha
  1133 | D:2      | Reached skill level 1 in Stealth
  1207 | D:2      | Reached skill level 4 in Unarmed Combat
  1429 | D:2      | Noticed Natasha
  1440 | D:2      | Killed Natasha
  1469 | D:2      | Noticed Natasha
  1477 | D:2      | Killed Natasha
  1477 | D:2      | Reached XP level 5. HP: 18/24 MP: 6/6
  1591 | D:3      | Noticed Jessica
  1602 | D:3      | Killed Jessica
  2403 | D:4      | Reached *** piety under Trog
  2546 | D:4      | Gained mutation: You are covered in thick fur. (AC +2)
                  | [Felid growth]
  2546 | D:4      | Reached XP level 6. HP: 28/28 MP: 7/7
  2620 | D:4      | Reached skill level 5 in Unarmed Combat
  3006 | D:4      | Found a stormy altar of Qazlal.
  3006 | D:4      | Found a bloodstained altar of Trog.
  3022 | D:4      | Reached XP level 7. HP: 31/31 MP: 8/8
  3173 | D:5      | Entered Level 5 of the Dungeon
  3215 | D:5      | Noticed Sigmund
  3223 | D:5      | Killed Sigmund
  3223 | D:5      | Reached skill level 6 in Unarmed Combat
  3261 | D:5      | Found a white marble altar of Elyvilon.
  3396 | D:5      | Noticed Eustachio
  3407 | D:5      | Killed Eustachio
  3545 | D:5      | Reached skill level 5 in Stealth
  3545 | D:5      | Reached skill level 7 in Unarmed Combat
  3545 | D:5      | Reached XP level 8. HP: 11/36 MP: 9/9
  3761 | D:6      | Upgraded the game from 0.23-a0-558-g30802b1d75 to
                  | 0.23-a0-577-g2b1de944cd
  3803 | D:6      | Found a white marble altar of Elyvilon.
  4236 | D:6      | Reached skill level 8 in Unarmed Combat
  4889 | D:7      | Reached **** piety under Trog
  4915 | D:7      | Found a staircase to the Ecumenical Temple.
  4923 | Temple   | Entered the Ecumenical Temple
  5198 | D:7      | Gained mutation: You are resistant to electric shocks.
                  | (rElec) [potion of mutation]
  5199 | D:7      | Lost mutation: You are resistant to electric shocks.
                  | (rElec) [potion of mutation]
  5199 | D:7      | Gained mutation: You expend magic power (3 MP) to
                  | strengthen your wands. [potion of mutation]
  5199 | D:7      | Gained mutation: You are somewhat resistant to further
                  | mutation. [potion of mutation]
  5200 | D:7      | Lost mutation: You expend magic power (3 MP) to strengthen
                  | your wands. [potion of mutation]
  5200 | D:7      | Lost mutation: You are somewhat resistant to further
                  | mutation. [potion of mutation]
  5200 | D:7      | Gained mutation: You are partially covered in icy blue
                  | scales. (AC +2) [potion of mutation]
  5200 | D:7      | Gained mutation: Your muscles are strong. (Str +2) [potion
                  | of mutation]
  5200 | D:7      | Gained mutation: Your flesh is heat resistant. (rF+)
                  | [potion of mutation]
  5201 | D:7      | Lost mutation: You are partially covered in icy blue
                  | scales. (AC +2) [potion of mutation]
  5201 | D:7      | Lost mutation: Your muscles are strong. (Str +2) [potion of
                  | mutation]
  5201 | D:7      | Lost mutation: Your flesh is heat resistant. (rF+) [potion
                  | of mutation]
  5201 | D:7      | Gained mutation: You are clumsy. (Dex -2) [potion of
                  | mutation]
  5201 | D:7      | Gained mutation: Your mind is acute. (Int +2) [potion of
                  | mutation]
  5201 | D:7      | Gained mutation: You have a pair of small antennae on your
                  | head. [potion of mutation]
  5528 | D:7      | Reached XP level 9. HP: 39/39 MP: 10/10
  5879 | D:8      | Noticed Maurice
  5892 | D:8      | Killed Maurice
  5892 | D:8      | Reached skill level 9 in Unarmed Combat
  5934 | D:8      | Upgraded the game from 0.23-a0-577-g2b1de944cd to
                  | 0.23-a0-582-g1b4a0ca2fb
  6165 | D:8      | Reached skill level 10 in Dodging
  6547 | D:8      | Noticed a two-headed ogre
  6562 | D:8      | Killed a two-headed ogre
  6562 | D:8      | Reached skill level 10 in Unarmed Combat
  6572 | D:8      | Reached XP level 10. HP: 38/43 MP: 10/12
  6821 | D:8      | Reached ***** piety under Trog
  7144 | D:8      | Lost mutation: You have a pair of small antennae on your
                  | head. [potion of mutation]
  7144 | D:8      | Lost mutation: Your mind is acute. (Int +2) [potion of
                  | mutation]
  7144 | D:8      | Gained mutation: You are somewhat resistant to further
                  | mutation. [potion of mutation]
  7144 | D:8      | Gained mutation: You tend to lose your temper in combat.
                  | [potion of mutation]
  7573 | D:9      | Reached skill level 11 in Unarmed Combat
  8681 | D:10     | Entered Level 10 of the Dungeon
  8724 | D:10     | Reached XP level 11. HP: 21/46 MP: 14/14
  8729 | D:10     | Reached skill level 12 in Unarmed Combat
  9084 | D:10     | Noticed an unseen horror
  9141 | D:10     | Killed an unseen horror
  9845 | D:10     | Found a staircase to the Orcish Mines.
  9888 | Orc:1    | Entered Level 1 of the Orcish Mines
  9897 | Orc:1    | Noticed an orc knight
  9912 | D:10     | Upgraded the game from 0.23-a0-582-g1b4a0ca2fb to
                  | 0.23-a0-607-g760965b753
 10299 | D:11     | Reached skill level 10 in Stealth
 10507 | D:11     | Found a staircase to the Lair.
 11313 | D:11     | Noticed Harold
 11345 | D:11     | Killed Harold
 11345 | D:11     | Reached skill level 13 in Unarmed Combat
 11360 | D:11     | Mangled by a steam dragon
 11361 | D:11     | Reached XP level 10. HP: -10/43 MP: 13/13
 11826 | D:11     | Reached XP level 11. HP: 46/46 MP: 14/14
 11883 | D:11     | Upgraded the game from 0.23-a0-607-g760965b753 to
                  | 0.23-a0-608-g7a20e1320a
 12015 | Lair:1   | Entered Level 1 of the Lair of Beasts
 12107 | Lair:1   | Reached ****** piety under Trog
 12228 | Lair:1   | Identified the Catalogue of Earthen Attacks
 12518 | Lair:1   | Noticed an oklob plant
 12518 | Lair:1   | Noticed an oklob plant
 12519 | Lair:1   | Noticed an oklob plant
 12519 | Lair:1   | Noticed an oklob plant
 12519 | Lair:1   | Noticed an oklob plant
 12744 | Lair:1   | Upgraded the game from 0.23-a0-608-g7a20e1320a to
                  | 0.23-a0-619-g281719c6f9
 13041 | Lair:2   | Found a staircase to the Shoals.
 13089 | Lair:2   | Noticed Fannar
 13102 | Lair:2   | Killed Fannar
 13102 | Lair:2   | Reached skill level 14 in Unarmed Combat
 13299 | Lair:2   | Found a hole to the Spider Nest.
 13463 | Lair:2   | Got a dull robe
 13464 | Lair:2   | Identified the +0 robe "Qotwuoddon" {rF+ rC+ MR- Int+7}
                  | (You found it on level 2 of the Lair of Beasts)
 14067 | Lair:3   | Reached skill level 5 in Fighting
 14267 | Lair:3   | Gained mutation: Your thick and shaggy fur keeps you warm.
                  | (AC +3, rC+) [Felid growth]
 14267 | Lair:3   | Reached XP level 12. HP: 33/51 MP: 16/16
 16013 | Lair:5   | Noticed a four-headed hydra
 16024 | Lair:5   | Found a staircase to the Slime Pits.
 16024 | Lair:5   | Found a viscous altar of Jiyva.
 16028 | Lair:5   | Killed a four-headed hydra
 16028 | Lair:5   | Reached skill level 15 in Unarmed Combat
 16028 | Lair:5   | Reached skill level 5 in Evocations
 16148 | Lair:5   | Noticed a five-headed hydra
 16158 | Lair:5   | Killed a five-headed hydra
 16318 | Lair:5   | HP: 3/76 [porcupine's spines (16)]
 16319 | Lair:5   | Impaled on a porcupine's spines
 16320 | Lair:5   | Reached XP level 11. HP: -12/72 MP: 15/15
 16425 | Lair:5   | Noticed an eight-headed hydra
 16439 | Lair:5   | Killed an eight-headed hydra
 16895 | Lair:6   | Entered Level 6 of the Lair of Beasts
 16956 | Lair:6   | Reached skill level 15 in Dodging
 17009 | Lair:6   | Reached XP level 12. HP: 51/51 MP: 17/17
 17386 | Lair:6   | Noticed an eight-headed hydra
 17443 | Lair:6   | Reached skill level 16 in Unarmed Combat
 17591 | Lair:6   | Killed an eight-headed hydra
 17907 | Lair:6   | Noticed Urug
 17935 | Lair:6   | Killed Urug
 18012 | Lair:6   | Noticed an entropy weaver
 18014 | Lair:6   | Noticed an entropy weaver
 18014 | Lair:6   | Noticed a queen ant
 18016 | Lair:6   | Killed an entropy weaver
 18016 | Lair:6   | Reached XP level 13. HP: 54/54 MP: 18/18
 18019 | Lair:6   | Killed an entropy weaver
 18469 | Spider:1 | Entered Level 1 of the Spider Nest
 18475 | Lair:2   | Mangled by a jumping spider
 18476 | Lair:2   | Reached XP level 12. HP: -6/76 MP: 17/17
 18737 | Orc:1    | Found Cusaurph's Assorted Antiques.
 18747 | Orc:1    | Bought a small pearl amulet for 200 gold pieces
 18807 | Orc:1    | Paralysed by an orc sorcerer for 7 turns
 18810 | Orc:1    | Killed from afar by an orc sorcerer
 18811 | Orc:1    | Reached XP level 11. HP: -8/48 MP: 16/16
 18820 | Orc:1    | Noticed a soul eater
 18826 | Orc:1    | Killed an orc sorcerer
 19009 | Orc:2    | Entered Level 2 of the Orcish Mines
 19009 | Orc:2    | Found a roughly hewn altar of Beogh.
 19019 | Orc:2    | Noticed an orc sorcerer
 19034 | Orc:2    | Found Mem Mima's Antique Armour Shoppe.
 19036 | Orc:2    | Killed an orc sorcerer
 19129 | Orc:2    | Noticed an orc sorcerer
 19137 | Orc:2    | Killed an orc sorcerer
 19137 | Orc:2    | Noticed an orc sorcerer
 19142 | Orc:2    | Killed an orc sorcerer
 19466 | Orc:2    | Found a staircase to the Elven Halls.
 19527 | Orc:1    | Noticed an orc knight
 19531 | Orc:1    | Killed an orc knight
 20045 | Orc:2    | Noticed an ogre mage
 20067 | Orc:2    | Killed an ogre mage
 20072 | Orc:2    | Found Woupeipn's Gadget Boutique.
 20085 | Orc:2    | Bought a lightning rod (4/4) for 560 gold pieces
 20110 | Orc:2    | Noticed an orc sorcerer
 20113 | Orc:2    | Found Moank's Distillery.
 20117 | Orc:2    | Killed an orc sorcerer
 20131 | Orc:2    | Noticed an ogre mage
 20132 | Orc:2    | Noticed an ogre mage
 20133 | Orc:2    | Found a radiant altar of Vehumet.
 20133 | Orc:2    | Noticed an orc sorcerer
 20139 | Orc:2    | Noticed a sun demon
 20140 | Orc:2    | Killed an ogre mage
 20140 | Orc:2    | Reached skill level 17 in Unarmed Combat
 20142 | Orc:2    | Killed an ogre mage
 20142 | Orc:2    | Reached XP level 12. HP: 51/51 MP: 17/17
 20189 | Orc:2    | Found an ancient bone altar of Kikubaaqudgha.
 20238 | Orc:2    | Bought a potion of curing for 36 gold pieces
 20238 | Orc:2    | Bought a potion of curing for 36 gold pieces
 20238 | Orc:2    | Bought a potion of curing for 36 gold pieces
 20238 | Orc:2    | Bought a potion of heal wounds for 60 gold pieces
 20238 | Orc:2    | Bought a potion of heal wounds for 60 gold pieces
 20264 | Orc:2    | Found a roughly hewn altar of Beogh.
 20264 | Orc:2    | Found Busaet's Antique Armour Boutique.
 20264 | Orc:2    | Found Relomiguma's Gadget Shop.
 20315 | Orc:2    | Bought a wand of flame (22) for 168 gold pieces
 20315 | Orc:2    | Bought a wand of flame (13) for 105 gold pieces
 20315 | Orc:2    | Bought a wand of iceblast (8) for 168 gold pieces
 20561 | Elf:1    | Entered Level 1 of the Elven Halls
 20746 | Elf:1    | Found Zierph's Distillery.
 20752 | Elf:1    | Noticed a deep elf annihilator
 20754 | Elf:1    | Noticed a deep elf death mage
 20762 | Elf:1    | Killed a deep elf annihilator
 20767 | Elf:1    | Killed a deep elf death mage
 20797 | Elf:1    | Bought a potion of heal wounds for 80 gold pieces
 20797 | Elf:1    | Bought 2 potions of curing for 96 gold pieces
 20797 | Elf:1    | Bought a potion of heal wounds for 80 gold pieces
 20797 | Elf:1    | Bought a potion of curing for 48 gold pieces
 20797 | Elf:1    | Bought a potion of curing for 48 gold pieces
 20815 | Elf:1    | Identified a scroll of acquirement
 21089 | Elf:1    | Reached XP level 13. HP: 55/55 MP: 18/18
 21150 | Elf:1    | Reached skill level 15 in Stealth
 21204 | Elf:1    | Noticed a deep elf death mage
 21214 | Elf:1    | Killed a deep elf death mage
 21214 | Elf:1    | Reached skill level 18 in Unarmed Combat
 21274 | Elf:1    | Identified Kikubaaqudgha's Compendium of Unholy Rites
 21742 | Elf:2    | Found Ceheelikk's Assorted Antiques.
 21879 | Elf:2    | Found Bimamug's Assorted Antiques.
 21882 | Elf:2    | Noticed a deep elf death mage
 21899 | Elf:2    | Killed a deep elf death mage
 21900 | Elf:2    | Killed a ghostly deep elf death mage
 21938 | Elf:2    | Found Kacadeze's Distillery.
 21978 | Elf:2    | Found Bonuceve's Distillery.
 21978 | Elf:2    | Found a ruined gateway.
 21988 | Elf:2    | Found Meir's Magic Scroll Emporium.
 21989 | Elf:2    | Noticed a deep elf demonologist
 22100 | Elf:2    | Bought a wavering bronze amulet for 195 gold pieces
 22100 | Elf:2    | Identified the amulet "Xira" {Faith *Corrode rN+ Int+2
                  | Stlth+} (You bought it in a shop on level 2 of the Elven
                  | Halls)
 22187 | Elf:2    | Lost mutation: You tend to lose your temper in combat.
                  | [potion of mutation]
 22187 | Elf:2    | Lost mutation: You are clumsy. (Dex -2) [potion of
                  | mutation]
 22187 | Elf:2    | Gained mutation: You possess an exceptional clarity of
                  | mind. [potion of mutation]
 22218 | Elf:2    | Noticed Louise
 22231 | Elf:2    | Cast into level 3 of the Abyss (Louise)
 22231 | Abyss:3  | Found a corrupted altar of Lugonu.
 22240 | Abyss:3  | Noticed a tentacled starspawn
 22316 | Abyss:3  | Noticed a tentacled starspawn
 22331 | Abyss:3  | Mangled by a large abomination

Vault maps used:
D:1:      dpeg_arrival_more_subterranean_lakeside_camping
D:2:      hex_large, uniq_robin, uniq_natasha
D:3:      uniq_jessica
D:4:      chequers_temple_overflow_statue_of_worship, minmay_misc_feat_ornament
D:5:      serial_rivers, chequers_serial_rivers_large_a,
          chequers_serial_rivers_room_a, chequers_serial_rivers_small_b,
          chequers_serial_rivers_marsh, chequers_serial_rivers_room_b,
          chequers_serial_rivers_micro_c, first_ration, basic_altar,
          uniq_eustachio, uniq_sigmund
D:6:      nicolae_overflow_hidden_temple
D:7:      minmay_temple_entry_waves
D:8:      uniq_maurice
D:9:      special_room
D:10:     orc_0_dummy
D:11:     erik_lair_dragon, roderic_lattice_a, hangedman_fish_farm, uniq_harold
Temple:   nicolae_temple_elliptical
Lair:1:   dpeg_oklob_gauntlet
Lair:2:   minmay_shoals_entry_beasts, dummy_spider_entry, serial_bayou_shore_a,
          uniq_fannar
Lair:3:   serial_bayou_shore_b, grunt_megastairs_3
Lair:4:   grunt_megastairs_1
Lair:5:   slime_altar_1
Lair:6:   minmay_lair_end_frog_pond, wad_woods_antlair, uniq_urug
Spider:1: uniq_asterion
Orc:1:    serial_shops, nicolae_shop_overgrown_old_shop
Orc:2:    kennysheep_orc_mage_school, basic_altar, serial_shops,
          nicolae_shop_trees
Elf:1:    eino_elf_arrival_customs, serial_shops,
          nicolae_shop_temple_entry_statues_fountains, minmay_elf_necromancy,
          serial_sigils_hangedman_scar, grunt_megastairs_2
Elf:2:    portal_desolation_entry_nicolae_nacl, serial_shops, shop_coins, shop,
          shop, shop, nicolae_shop_overgrown_old_shop, minivault_16,
          amethyst_killhole, lemuel_elevator, uniq_louise
Abyss:3:  abyss_furniture_001

Skill      XL: |  1  2  3  4  5  6  7  8  9 10 11 12 13 |
---------------+----------------------------------------+-----
Dodging        | 5 6 7 9 10 12 15 16 17 | 17.7
Stealth        | 1 2 3 5 7 8 11 12 14 15 | 15.7
Unarmed Combat | 4 5 7 8 10 11 17 16 18 | 18.5
Fighting       | 4 5 |  5.5
Evocations     | 2 3 4 5 |  5.6

Action                   |  1- 3 |  4- 6 |  7- 9 | 10-12 | 13-15 || total
-------------------------+-------+-------+-------+-------+-------++-------
Melee: Unarmed           |    75 |   139 |   230 |  1149 |   195 ||  1788
       Bite              |    10 |     9 |    23 |   121 |    21 ||   184
       Punch             |       |     3 |    12 |    68 |    20 ||   103
Invok: Berserk           |     3 |     5 |    11 |    35 |    10 ||    64
       Trog's Hand       |     1 |       |       |    14 |     6 ||    21
       Brothers in Arms  |       |       |       |    18 |    11 ||    29
Evoke: Wand              |       |       |     8 |    55 |     1 ||    64
       Lightning rod     |       |       |       |     3 |       ||     3
  Use: Potion            |     2 |     3 |    12 |    15 |     5 ||    37
       Scroll            |       |       |    13 |    14 |     9 ||    36
 Stab: Sleeping          |     3 |     7 |    13 |    47 |    10 ||    80
       Distracted        |     1 |       |       |     8 |     2 ||    11
       Paralysed         |       |       |       |     4 |       ||     4
  Eat: Chunk             |    10 |     7 |    19 |    89 |    14 ||   139
Armor: Skin              |     3 |     8 |     9 |    12 |     4 ||    36
Dodge: Dodged            |    62 |   103 |   205 |   926 |   173 ||  1469
Block: Other             |       |       |       |    13 |       ||    13
       Reflection        |       |       |       |     4 |       ||     4

Table legend:
 A = Non-vault XP
 B = Vault XP
 C = Vault XP percentage of total XP
 D = Non-vault monster count
 E = Vault monster count
 F = Vault count percentage of total count
                 A         B        C        D         E       F
            +---------+---------+-------+---------+---------+-------
      Total |   77292 |   41810 |  35.1 |     574 |     176 |  23.5
            +---------+---------+-------+---------+---------+-------
        D:1 |      33 |       2 |   5.7 |      17 |       1 |   5.6
        D:2 |     118 |      74 |  38.5 |      19 |      13 |  40.6
        D:3 |      87 |      37 |  29.8 |      18 |       1 |   5.3
        D:4 |     392 |       0 |   0.0 |      18 |       0 |   0.0
        D:5 |     284 |     426 |  60.0 |      10 |       2 |  16.7
        D:6 |     884 |       0 |   0.0 |      20 |       0 |   0.0
        D:7 |     868 |       0 |   0.0 |      28 |       0 |   0.0
        D:8 |    3178 |     439 |  12.1 |      51 |       1 |   1.9
        D:9 |    1926 |    1497 |  43.7 |      35 |      20 |  36.4
       D:10 |    3736 |       0 |   0.0 |      34 |       0 |   0.0
       D:11 |    3423 |    2318 |  40.4 |      38 |       8 |  17.4
     Temple |       3 |       0 |   0.0 |       1 |       0 |   0.0
     Lair:1 |    4766 |       0 |   0.0 |      26 |       0 |   0.0
     Lair:2 |    2716 |    1764 |  39.4 |      18 |       3 |  14.3
     Lair:3 |    4198 |      93 |   2.2 |      17 |       1 |   5.6
     Lair:4 |    4148 |       0 |   0.0 |      21 |       0 |   0.0
     Lair:5 |    6041 |       0 |   0.0 |      18 |       0 |   0.0
     Lair:6 |    6857 |   17730 |  72.1 |      28 |      66 |  70.2
      Orc:1 |    2977 |       0 |   0.0 |      47 |       0 |   0.0
      Orc:2 |    1997 |    5728 |  74.1 |      49 |      33 |  40.2
      Elf:1 |   16604 |    7048 |  29.8 |      37 |      19 |  33.9
      Elf:2 |   10936 |    4654 |  29.9 |      22 |       8 |  26.7
    Abyss:3 |    1120 |       0 |   0.0 |       2 |       0 |   0.0
            +---------+---------+-------+---------+---------+-------
